Map: 2000 Atmospheres LE

Players

Strange - Winner!

  • Race: Protoss Protoss

PtitDrogo

  • Race: Protoss Protoss

Event: DreamHack SC2 Masters 2021 Winter

VOD

Have the link to the VOD?

Description

Time

  • Played on: Oct. 2, 2021, 2:31 p.m.
  • Length: 7:54

All games in this series

Show
View Real Time Build Order
Export as new Build Order

Strange Protoss - Winner!

Build Orders:  

Get SALT Encoding   

  12  0:00  Probe  
  13  0:12  Probe  
  14  0:17  Pylon  
  14  0:24  Probe (Chrono Boost)  
  16  0:37  Gateway, Probe (Chrono Boost)  
  16  0:42  Probe (Chrono Boost)  
  16  0:46  Assimilator  
  17  0:51  Probe  
  17  0:54  Assimilator  
  18  1:03  Probe (Chrono Boost)  
  19  1:07  Gateway  
  19  1:13  Probe (Chrono Boost)  
  19  1:18  Probe (Chrono Boost)  
  20  1:23  Cybernetics Core  
  21  1:30  Probe  
  21  1:32  Pylon  
  22  1:42  Probe  
  23  1:54  Probe  
  24  1:57  Warp Gate (Chrono Boost)  
  24  1:59  Stalker x2  
  28  2:07  Pylon  
  29  2:15  Shield Battery  
  29  2:21  Probe  
  29  2:24  Pylon  
  29  2:32  Stalker x2  
  33  2:41  Robotics Facility  
  33  2:51  Gateway  
  33  3:03  Stalker x2  
  37  3:10  Pylon  
  37  3:25  Warp Prism (Chrono Boost)  
  39  3:47  Stalker x3  
  45  3:53  Pylon  
  45  4:18  Stalker x3  
  47  4:41  Stalker x3  
  51  4:58  Robotics Bay  
  49  5:04  Pylon  
  49  5:10  Adept x2  
  49  5:11  Zealot  
  55  5:29  Pylon  
  55  5:43  Disruptor (Chrono Boost)  
  55  5:47  Sentry  
  55  5:48  Zealot x2  
  64  6:03  Pylon  
  64  6:09  Disruptor (Chrono Boost)  
  67  6:21  Adept  
  67  6:22  Adept x2  
  73  6:29  Pylon  
  73  6:50  Pylon  
  73  6:51  Stalker x3  
  79  7:14  Adept x2  
  79  7:15  Adept  
  81  7:35  Stalker x2  
  81  7:36  Stalker  
Show
View Real Time Build Order
Export as new Build Order

PtitDrogo Protoss 

Build Orders: Phoenix Opening 

Get SALT Encoding   

  12  0:00  Probe  
  13  0:12  Probe  
  14  0:17  Pylon  
  14  0:24  Probe (Chrono Boost)  
  15  0:36  Gateway, Probe (Chrono Boost)  
  16  0:44  Probe (Chrono Boost)  
  16  0:46  Assimilator  
  17  0:51  Probe  
  17  0:54  Assimilator  
  18  1:03  Probe (Chrono Boost)  
  19  1:07  Gateway  
  19  1:13  Probe (Chrono Boost)  
  19  1:18  Probe (Chrono Boost)  
  20  1:23  Cybernetics Core  
  21  1:29  Probe  
  22  1:34  Pylon  
  22  1:41  Probe  
  23  1:53  Probe  
  24  2:00  Stalker, Sentry  
  28  2:04  Warp Gate (Chrono Boost)  
  28  2:11  Pylon  
  28  2:26  Stalker  
  30  2:34  Phoenix  
  30  2:35  Probe  
  30  2:41  Nexus  
  30  2:45  Shield Battery  
  30  2:47  Probe (Chrono Boost)  
  36  2:58  Sentry x2  
  36  2:59  Probe (Chrono Boost)  
  36  3:03  Pylon  
  36  3:04  Probe (Chrono Boost)  
  38  3:24  Robotics Facility  
  37  3:32  Phoenix  
  37  3:34  Shield Battery  
  37  3:45  Stalker  
  37  3:46  Stalker  
  37  3:48  Probe  
  42  3:52  Shield Battery  
  43  3:55  Probe  
  43  4:08  Immortal (Chrono Boost)  
  43  4:13  Stalker  
  43  4:16  Stalker  
  51  4:33  Probe x2  
  53  4:40  Immortal (Chrono Boost), Adept  
  53  4:41  Adept  
  61  4:57  Probe x2  
  61  5:02  Pylon  
  61  5:12  Observer (Chrono Boost)  
  62  5:20  Probe x2  
  64  5:22  Stalker x2  
  64  5:28  Twilight Council  
  68  5:29  Warp Prism (Chrono Boost)  
  68  5:32  Pylon  
  70  5:43  Gateway, Assimilator  
  70  5:50  Probe x2  
  72  5:57  Stalker x2  
  72  6:02  Probe x2  
  78  6:12  Pylon  
  78  6:24  Observer  
  78  6:27  Pylon  
  78  6:30  Probe x2  
  78  6:31  Stalker x2  
  84  6:34  Pylon  
  84  6:37  Forge  
  84  6:42  Probe x2  
  86  6:49  Stalker  
  90  6:54  Adept x2, Probe x2  
  90  6:59  Shield Battery  
  90  7:00  Shield Battery  
  94  7:01  Pylon  
  94  7:06  Probe  
  95  7:14  Stalker  
  71  7:23  Stalker x2  
  65  7:38  Stalker  
  64  7:47  Stalker x2  

Tags
 
Add a new tag
Caveats
  • Supply blocks, unpowered buildings, or Contaminate may cause inaccurate times.
  • Supply counts are checked every 10 seconds.